 Dungeon Crawl Stone Soup version 0.32-a0-18-g89e19f1974 (webtiles) character file.

Game seed: 9658263662374738667

102664 case the Slayer (level 15, -22/158 HPs)
             Began as a Minotaur Berserker on Jan 16, 2024.
             Was the Champion of Trog.
             Annihilated by a titanic slime creature (89 damage)
             ... on level 4 of the Swamp.
             The game lasted 00:41:52 (21215 turns).

case the Slayer (Minotaur Berserker)               Turns: 21215, Time: 00:41:53

Health: -22/158    AC: 25    Str: 28    XL:     15   Next: 86%
Magic:  14/14      EV:  7    Int: 10    God:    Trog [******]
Gold:   1077       SH: 18    Dex: 11    Spells: 14/14 levels left

rFire   . . .        r - +2 war axe (flame)
rCold   . . .        E - +0 tower shield
rNeg    . . .        C - +0 plate armour
rPois   +            P - +3 crown of Dyrovepreva {rElec Int+2 SInv}
rElec   +            (no cloak)
rCorr   .            H - +1 pair of gloves
SInv    +            s - +2 pair of boots
Will    ++...        N - amulet "Fyubat" {Fly Regen+ Int+4} Stlth
                     G - ring of poison resistance
HPRegen 1.26/turn    O - ring of willpower
MPRegen 0.14/turn

%: no passive effects
@: flying
A: horns 2, retaliatory headbutt
a: Renounce Religion, Berserk, Trog's Hand, Brothers in Arms


You were on level 4 of the Swamp.
You worshipped Trog.
Trog was exalted by your worship.
You visited 5 branches of the dungeon, and saw 23 of its levels.
You also visited: Ice Cave.

You collected 3099 gold pieces.
You spent 2022 gold pieces at shops.

Inventory:

Hand Weapons
 r - a +2 war axe of flaming (weapon)
Missiles
 a - a throwing net (quivered)
Armour
 m - a +1 scale mail of cold resistance
 s - a +2 pair of boots (worn)
 C - a +0 plate armour (worn)
 E - a +0 tower shield (worn)
 H - a +1 pair of gloves (worn)
 P - the +3 crown of Dyrovepreva (worn) {rElec Int+2 SInv}
   (You bought it in a shop on level 2 of the Orcish Mines)

   Int+2:     It affects your intelligence (+2).
   rElec:     It insulates you from electricity.
   SInv:      It lets you see invisible.
Jewellery
 d - a ring of protection from cold
 x - an amulet of reflection
 G - a ring of poison resistance (left hand)
 M - an amulet of the acrobat
 N - the amulet "Fyubat" (around neck) {Fly Regen+ Int+4}
   (You bought it in a shop on level 5 of the Dungeon)

   [amulet of regeneration]

   Int+4:     It affects your intelligence (+4).
   Fly:       It grants you flight.
   Regen+:    It increases your rate of health regeneration.
 O - a ring of willpower (right hand)
Wands
 f - a wand of acid (30)
 v - a wand of roots (10)
 y - a wand of polymorph (8)
 B - a wand of mindburst (25)
 D - a wand of flame (37)
 J - a wand of charming (24)
Scrolls
 b - 3 scrolls of immolation
 c - 9 scrolls of teleportation
 e - a scroll of torment
 g - 3 scrolls of silence
 i - 3 scrolls of fog
 k - 2 scrolls of poison
 t - 2 scrolls of revelation
 u - 2 scrolls of identify
 R - a scroll of brand weapon
 S - 3 scrolls of fear
Potions
 h - 7 potions of mutation
 j - 2 potions of might
 l - 2 potions of enlightenment
 n - 6 potions of curing
 o - 3 potions of brilliance
 p - 4 potions of lignification
 q - 2 potions of invisibility
 w - a potion of resistance {unknown}
 z - 3 potions of degeneration {unknown}
 A - 7 potions of heal wounds {unknown}
 F - 3 potions of haste {unknown}
 I - a potion of ambrosia
 K - a potion of magic {unknown}
 L - 2 potions of attraction {unknown}
 Q - a potion of cancellation {unknown}


   Skills:
 * Level 21.4 Fighting
 - Level 16.9 Axes
 + Level 14.5 Armour
 - Level 2.1 Dodging
 + Level 15.5 Shields


You had 14 spell levels left.
You didn't know any spells.
Your spell library was empty.

Dungeon Overview and Level Annotations

Branches:
Dungeon (11/15)            Temple (1/1) D:5            Lair (5/5) D:10
  Swamp (4/4) Lair:3       Spider (0/4) Lair:3        Slime (0/5) Lair:4
    Orc (2/2) D:9             Elf (0/3) Orc:2         IceCv (visited)

Altars:
Ashenzari
Cheibriados
Dithmenos
Elyvilon
Fedhas
Gozag
Hepliaklqana
Kikubaaqudgha
Makhleb
Nemelex Xobeh
Okawaru
Qazlal
Ru
Sif Muna
Trog
Uskayaw
Vehumet
Wu Jian
Xom
Yredelemnul
Zin
The Shining One
Jiyva

Shops:
D:5 [(=   D:6 :   D:9 [   Orc:2 !**?[

Annotations:
D:6 3 runed translucent doors, waq's ghost, novice HuHu
D:10 3 runed translucent doors, swappor's ghost, novice MiBe


Innate Abilities, Weirdness & Mutations

You have a pair of horns on your head.
You reflexively headbutt those who attack you in melee.


Message History

You burn the very large slime creature.
The very large slime creature is heavily wounded.
Two slime creatures merge to form a very large slime creature.
The very large slime creature hits you!
You slice the very large slime creature!!
You burn the very large slime creature.
You headbutt the very large slime creature!
The very large slime creature is heavily wounded.
Two slime creatures merge to form an enormous slime creature.
The very large slime creature barely misses you.
You furiously retaliate!
You headbutt the very large slime creature!
You hit the very large slime creature. You burn the very large slime creature.
The very large slime creature is severely wounded.
You block the very large slime creature's attack.
An enormous slime creature splits.
You slice the very large slime creature!!
You burn the very large slime creature!
You headbutt the very large slime creature.
The very large slime creature is almost dead.
The very large slime creature barely misses you.
You barely miss the very large slime creature.
The very large slime creature is almost dead.
Two slime creatures merge to form a titanic slime creature.
A large slime creature splits.
There are monsters nearby!
You slash the titanic slime creature! You burn the titanic slime creature.
The titanic slime creature is heavily wounded.
The slime creature jiggles.
You slash the titanic slime creature! You burn the titanic slime creature.
You headbutt the titanic slime creature.
The titanic slime creature is severely wounded.
The titanic slime creature hits you!!!!
Ouch! That really hurt!
You hear a screech!
You barely miss the titanic slime creature.
The titanic slime creature is severely wounded.
The titanic slime creature hits you!!!!
Ouch! That really hurt!
You die...

~♣≈~ ~.# ♣♣ # ≈~≈ .~♣ ♣§..
≈. ≈≈# ≈≈.♣#♣ ♣♣♣♣~~~
~≈♣≈. ≈.§#♣~♣♣~~.~~~
#≈≈~###~~.#....~~..~♣
~≈J~~≈≈.♣#..~~~~~♣♣♣
##J#§#~.♣#.~~~~~~.~♣
##○#@#≈#.#.~~~~~~~.~♣
#.≈≈≈≈≈.~#§~~~~~~~~.♣
##≈~~≈≈≈~.♣#..~~~~~~~~ #
♣~≈~.≈.≈§.♣#~....~~~§~
#≈.#≈≈≈.#.#~#♣~.~♣.~~~~~
#.≈#~≈≈.#.#~#§..♣♣~.~~~~~
#~#≈.#≈≈≈.#~#~.♣♣♣♣♣.~~~~~
##.~#≈~~~#~#~#~~♣♣♣♣.~~~~~
##~..~..~#~#~.≈..♣♣♣~~~~.


You could see a titanic slime creature and a slime creature.

Vanquished Creatures
  Rupert (Orc:2)
  A tentacled monstrosity (Swamp:2)
  Mlioglotl (Swamp:4)
  A thorn hunter (Swamp:1)
  A fenstrider witch (Swamp:4)
  A stone giant (Orc:2)
  10 eleionomae
  5 bunyips
  Snorg (Lair:4)
  9 hydras
  A ghost crab (Swamp:3)
  3 catoblepae
  6 alligators
  A boulder beetle (Lair:4)
  2 ogre magi (Orc:2)
  6 death yaks
  9 two-headed ogres
  A thrashing horror (Swamp:4)
  2 skysharks
  6 goliath frogs
  3 spriggan druids
  3 swamp dragons
  A death drake (Swamp:3)
  2 deep trolls (Orc:2)
  6 bog bodies
  2 orc knights
  An ugly thing (IceCv)
  3 will-o-the-wisps
  4 orc sorcerers
  4 black mambas
  2 ice statues (IceCv)
  A gargoyle (D:10)
  14 cane toads
  A torpor snail (Lair:2)
  2 orange demons (Swamp:4)
  Maggie (D:9)
  4 komodo dragons
  A rime drake (Lair:3)
  A freezing wraith (IceCv)
  10 tyrant leeches
  7 trolls
  4 hornets
  30 blink frogs
  2 polar bears
  Prince Ribbit (D:8)
  12 dream sheep
  A slime creature (Swamp:4)
  2 shadows
  2 spriggans
  Sigmund (D:6)
  A wraith (D:8)
  5 wyverns
  61 yaks
  A basilisk (Lair:2)
  3 wargs
  2 death yak simulacra (IceCv)
  11 vampire mosquitoes
  16 swamp worms
  12 water moccasins
  2 swamp drakes
  A sky beast (D:7)
  10 orc warriors
  An ice beast (D:6)
  21 ogres
  4 centaurs
  20 wolves
  A phantom (D:6)
  A kobold brigand (D:9)
  21 bullfrogs
  2 scorpions (D:5)
  A cane toad simulacrum (IceCv)
  5 wights
  An elephant simulacrum (IceCv)
  10 killer bees
  4 electric eels
  4 howler monkeys (D:7)
  A bombardier beetle (D:6)
  8 jellies
  14 orc priests
  3 hounds
  3 iguanas
  2 sleepcaps (D:6)
  13 orc wizards
  5 adders
  3 gnolls (D:5)
  2 shadow imps
  A dart slug (D:1)
  A ribbon worm (D:3)
  63 orcs
  5 endoplasms
  A giant cockroach (D:1)
  5 goblins
  9 hobgoblins
  5 jackals
  A quokka (D:1)
  3 ball pythons
  4 bats
  5 frilled lizards
  13 kobolds
  7 rats
594 creatures vanquished.

Vanquished Creatures (collateral kills)
  A two-headed ogre (Orc:2)
  A cyclops (Orc:2)
  A troll (Orc:2)
  An ogre (Orc:2)
4 creatures vanquished.

Vanquished Creatures (others)
  An orc wizard (D:8)
  4 foxfires (Swamp:4)
5 creatures vanquished.

Grand Total: 603 creatures vanquished

Notes
Turn   | Place    | Note
-------+----------+-------------------------------------------
     0 | D:1      | case the Minotaur Berserker began the quest for the Orb.
     0 | D:1      | Reached XP level 1. HP: 19/19 MP: 0/0
    94 | D:1      | Reached XP level 2. HP: 23/26 MP: 1/1
  1086 | D:2      | Reached skill level 5 in Axes
  1371 | D:2      | Reached XP level 3. HP: 30/31 MP: 2/2
  1378 | D:2      | Reached ** piety under Trog
  1386 | D:2      | Identified the +0 ring mail of Weirdness {rCorr}
  1713 | D:3      | Reached XP level 4. HP: 35/39 MP: 3/3
  1924 | D:3      | Found a faded altar of an unknown god.
  2273 | D:4      | Reached XP level 5. HP: 45/45 MP: 4/4
  2287 | D:4      | You fall into a shaft and drop 2 floors!
  2458 | D:6      | Noticed Sigmund
  2473 | D:6      | Killed Sigmund
  2474 | D:6      | Reached XP level 6. HP: 51/51 MP: 5/5
  2482 | D:6      | Found a glowing silver altar of Zin.
  2502 | D:5      | Entered Level 5 of the Dungeon
  2502 | D:5      | Found Initt's Armour Emporium.
  2940 | D:5      | Found a staircase to the Ecumenical Temple.
  3041 | D:5      | Reached XP level 7. HP: 57/57 MP: 6/6
  3059 | D:5      | Reached skill level 10 in Axes
  3061 | Temple   | Entered the Ecumenical Temple
  3291 | D:5      | Found Jimus's Antique Weapon Shoppe.
  3476 | D:5      | Found a basalt altar of Yredelemnul.
  3477 | D:5      | Found Cidghuiwu's Jewellery Emporium.
  3531 | D:5      | Reached XP level 8. HP: 60/66 MP: 7/7
  3647 | D:5      | Found a burning altar of Makhleb.
  3985 | D:6      | Reached *** piety under Trog
  4008 | D:6      | Found Liukycs's Book Boutique.
  4198 | D:6      | Reached skill level 4 in Fighting
  4559 | D:6      | Found a runed translucent gate.
  4559 | D:6      | Found a runed translucent gate.
  4561 | D:6      | Noticed waq's ghost (novice HuHu)
  4562 | D:6      | Noticed a kobold demonologist
  4563 | D:6      | Found a runed translucent gate.
  4937 | D:7      | Reached XP level 9. HP: 38/72 MP: 8/8
  5496 | D:7      | Found an ornate altar of the Wu Jian Council.
  5576 | D:7      | Reached skill level 1 in Shields
  5585 | D:7      | Reached skill level 5 in Fighting
  5908 | D:8      | Noticed Prince Ribbit
  6037 | D:8      | Killed Prince Ribbit
  6060 | D:8      | Reached skill level 15 in Axes
  6657 | D:8      | Found a shadowy altar of Dithmenos.
  6715 | D:8      | Identified the +8 rapier of the Shoals {heavy, Str+5 Int+2
                  | Stlth-}
  6783 | D:8      | Found an iron altar of Okawaru.
  6889 | D:9      | Found a stormy altar of Qazlal.
  6920 | D:9      | HP: 1/74 [something (25)]
  6968 | D:9      | Reached **** piety under Trog
  7025 | D:9      | Reached skill level 5 in Shields
  7097 | D:9      | Noticed a troll
  7106 | D:9      | Killed a troll
  7107 | D:9      | Reached XP level 10. HP: 76/81 MP: 9/9
  7145 | D:9      | Noticed Maggie
  7158 | D:9      | Killed Maggie
  7177 | D:9      | Found a bloodstained altar of Trog.
  7532 | D:9      | Found a staircase to the Orcish Mines.
  7549 | D:9      | Found Fes Beut's Armour Emporium.
  7555 | D:9      | Reached skill level 6 in Fighting
  7897 | D:10     | Entered Level 10 of the Dungeon
  7908 | D:10     | Found a staircase to the Lair.
  7932 | D:10     | Noticed a two-headed ogre
  7943 | D:10     | Killed a two-headed ogre
  8085 | D:10     | Found a runed translucent gate.
  8085 | D:10     | Found a runed translucent gate.
  8085 | D:10     | Found a runed translucent gate.
  8085 | D:10     | Noticed swappor's ghost (novice MiBe)
  8119 | D:10     | Reached skill level 7 in Fighting
  8313 | D:10     | Noticed a two-headed ogre
  8321 | D:10     | Killed a two-headed ogre
  8326 | D:10     | Noticed a two-headed ogre
  8328 | D:10     | Noticed a gargoyle
  8577 | D:10     | Killed a gargoyle
  8634 | D:11     | Noticed a white ugly thing
  8755 | D:10     | Reached skill level 8 in Fighting
  8755 | D:10     | Reached XP level 11. HP: 85/94 MP: 10/10
  8773 | D:10     | Reached skill level 5 in Armour
  9339 | Lair:1   | Entered Level 1 of the Lair of Beasts
  9355 | Lair:1   | Reached skill level 9 in Fighting
  9562 | Lair:1   | Reached skill level 10 in Fighting
  9665 | Lair:1   | Noticed a catoblepas
  9678 | Lair:1   | Killed a catoblepas
 10046 | Lair:1   | Reached skill level 10 in Shields
 10346 | Lair:1   | Reached skill level 11 in Fighting
 10544 | Lair:1   | Reached XP level 12. HP: 96/110 MP: 11/11
 11297 | Lair:2   | Noticed a catoblepas
 11320 | Lair:2   | Killed a catoblepas
 11321 | Lair:2   | Reached skill level 12 in Fighting
 11803 | Lair:2   | Noticed a four-headed hydra
 11819 | Lair:2   | Killed a 13-headed hydra
 11820 | Lair:2   | Reached skill level 13 in Fighting
 12628 | Lair:3   | Found a staircase to the Swamp.
 12641 | Lair:3   | Reached skill level 10 in Armour
 12647 | Lair:3   | Reached skill level 14 in Fighting
 12973 | Lair:3   | Noticed a catoblepas
 12989 | Lair:3   | Killed a catoblepas
 13197 | Lair:3   | Found a hole to the Spider Nest.
 13534 | Lair:4   | Reached ***** piety under Trog
 13536 | Lair:4   | Noticed a death yak
 13540 | Lair:4   | Noticed a death yak
 13540 | Lair:4   | Noticed a death yak
 13545 | Lair:4   | Noticed a death yak
 13545 | Lair:4   | Noticed a death yak
 13547 | Lair:4   | Noticed a death yak
 13554 | Lair:3   | Killed a death yak
 13555 | Lair:3   | Reached XP level 13. HP: 115/125 MP: 12/12
 13568 | Lair:3   | Reached skill level 15 in Fighting
 13899 | Lair:4   | Received a gift from Trog
 14370 | Lair:4   | Identified a scroll of acquirement
 14370 | Lair:4   | Acquired 952 gold pieces
 14433 | Lair:4   | Found a staircase to the Slime Pits.
 14433 | Lair:4   | Found a viscous altar of Jiyva.
 14461 | Lair:4   | Reached skill level 16 in Fighting
 14631 | Lair:4   | Noticed Snorg
 14642 | Lair:4   | Killed Snorg
 15203 | Lair:5   | Entered Level 5 of the Lair of Beasts
 15532 | Lair:5   | Reached skill level 17 in Fighting
 16492 | Lair:5   | Identified the staff of Jaece {Dex+5 Conj}
 16547 | Lair:5   | Reached XP level 14. HP: 140/140 MP: 13/13
 17151 | D:5      | Bought the amulet "Fyubat" {Fly Regen+ Int+4} for 475 gold
                  | pieces
 17151 | D:5      | Bought a ring of willpower for 250 gold pieces
 17283 | Orc:1    | Entered Level 1 of the Orcish Mines
 17574 | Orc:2    | Entered Level 2 of the Orcish Mines
 17574 | Orc:2    | Found a staircase to the Elven Halls.
 17639 | Orc:2    | Found Vuty's Antique Armour Shoppe.
 17649 | Orc:2    | Bought the +3 crown of Dyrovepreva {rElec Int+2 SInv} for
                  | 1200 gold pieces
 17649 | Orc:2    | Found the +3 crown of Dyrovepreva {rElec Int+2 SInv}
 17657 | Orc:2    | Noticed a stone giant
 17659 | Orc:2    | Found Vohew's Magic Scroll Emporium.
 17673 | Orc:2    | Killed a stone giant
 17674 | Orc:2    | Reached skill level 18 in Fighting
 17685 | Orc:2    | Received a gift from Trog
 17704 | Orc:2    | Found Lihoziobepp's Assorted Antiques.
 17757 | Orc:2    | Found Fiddivvu's Assorted Antiques.
 17758 | Orc:2    | Bought a scroll of enchant weapon for 97 gold pieces
 17767 | Orc:2    | Found Jobeom's Distillery.
 17801 | Orc:2    | Found a frozen archway.
 17827 | IceCv    | Entered an ice cave
 17843 | IceCv    | Found a transporter.
 17851 | IceCv    | Found a transporter.
 17917 | IceCv    | Reached skill level 19 in Fighting
 18023 | Orc:2    | Noticed Rupert
 18039 | Orc:2    | Killed Rupert
 18696 | Swamp:1  | Entered Level 1 of the Swamp
 18957 | Swamp:1  | Noticed a thorn hunter
 18967 | Swamp:1  | Killed a thorn hunter
 18994 | Swamp:1  | Reached XP level 15. HP: 66/155 MP: 14/14
 19544 | Swamp:2  | Noticed a tentacled monstrosity
 19557 | Swamp:2  | Killed a tentacled monstrosity
 19694 | Swamp:2  | Reached skill level 20 in Fighting
 20524 | Swamp:4  | Entered Level 4 of the Swamp
 20620 | Swamp:4  | Noticed Mlioglotl
 20643 | Swamp:4  | Killed Mlioglotl
 20670 | Swamp:4  | Reached skill level 21 in Fighting
 20688 | Swamp:4  | Noticed a fenstrider witch
 20689 | Swamp:4  | Reached skill level 15 in Shields
 20692 | Swamp:4  | Paralysed by a fenstrider witch for 4 turns
 20878 | Swamp:4  | Killed a fenstrider witch
 20968 | Swamp:4  | Identified the +8 flail of Forgiveness {holy, rF+}
 21044 | Swamp:4  | Reached ****** piety under Trog
 21066 | Swamp:4  | Received a gift from Trog
 21215 | Swamp:4  | Annihilated by a titanic slime creature

Illustrated notes

Levels and vault maps discovered:
D:1:      spicycebolla_green_bress_n_ham, layout_basic
D:2:      layout_basic
D:3:      layout_basic, shapermc_ecumenical_altar_mp_urbaneastern
D:4:      layout_rooms
D:5:      layout_loops_cross, mainiacjoe_overflow_catch_the_wave,
          minmay_temple_entry_mini_moons, serial_shops, nicolae_shop_crystal,
          nicolae_lakefront_shop, nicolae_shop_statue_plus,
          dreamdust_wishing_well
D:6:      nicolae_cairo_tiling_very_big, layout_gridville,
          mainiacjoe_overflow_tiny_flanked, gammafunk_ghost_nasty_kobolds,
          serial_shops, shop, dk_vineyard_3, minmay_puff, uniq_sigmund
D:7:      layout_rooms, nzn_wu_jian_council_hall, serial_rivers,
          chequers_serial_rivers_micro_b, chequers_serial_rivers_room_b,
          chequers_serial_rivers_large_a, chequers_serial_rivers_micro_a
D:8:      layout_basic, hellmonk_okawaru_the_only_friend_you_need,
          marbit_many_paths, nrook_mini_vaults, uniq_prince_ribbit1
D:9:      layout_basic, old_standard_altar, amcnicky_altar_gilded, orc_david_3,
          uniq_maggie
D:10:     layout_basic, dpeg_oklobed_lair, gammafunk_ghost_spectres
D:11:     layout_cross
Temple:   nicolae_temple_two_arcs
Lair:1:   layout_gridlike, grunt_megastairs_2, serial_bayou_shore_a
Lair:2:   layout_regular_city, ldierk_geyser, serial_bayou_shore_b
Lair:3:   layout_chaotic_city, mainiacjoe_swamp_entry_angry_trees,
          spider_nest_entry_web_field, kennysheep_catoblepas_arena
Lair:4:   layout_cave_pods, nicolae_slime_entry_slimehenge, uniq_snorg
Lair:5:   minmay_lair_end_frog_pond, layout_cave_pods
Swamp:1:  layout_basic_swamp, evilmike_swamp_ruin_rubble_1
Swamp:2:  layout_basic_swamp, evilmike_swamp_ruin_house_5,
          infiniplex_staircase_pool
Swamp:3:  layout_basic_swamp, nicolae_swamp_stuck_in_the_mud
Swamp:4:  swamp_vile, layout_basic_swamp, infiniplex_staircase_pool_2,
          uniq_mlioglotl
Orc:1:    layout_caves
Orc:2:    st_orc_open, layout_caves, portal_ice_cave_entry_pillars_1,
          serial_shops, shop, uniq_rupert

Skill      XL: |  1  2  3  4  5  6  7  8  9 10 11 12 13 14 15 |
---------------+----------------------------------------------+-----
Axes           | 4 5 6 8 9 11 13 15 16 | 16.9
Fighting       | 4 5 8 11 14 17 19 21 | 21.4
Shields        | 5 7 10 11 13 15 | 15.5
Armour         | 4 7 10 12 13 14 | 14.5
Dodging        | |  2.1

Action                     |  1- 3 |  4- 6 |  7- 9 | 10-12 | 13-15 || total
---------------------------+-------+-------+-------+-------+-------++-------
  Melee: Hand axe          |    60 |    99 |    18 |       |       ||   177
         Headbutt          |     8 |    16 |    40 |   132 |   263 ||   459
         Punch             |       |     1 |     1 |       |       ||     2
         Battleaxe         |       |       |    95 |       |       ||    95
         War axe           |       |       |   120 |   561 |  1026 ||  1707
         Trident           |       |       |       |       |    16 ||    16
 Invoke: Berserk           |       |     2 |     5 |     6 |    11 ||    24
         Trog's Hand       |       |     1 |     1 |     3 |     1 ||     6
         Brothers in Arms  |       |       |       |       |     3 ||     3
  Evoke: Wand              |       |       |       |     1 |       ||     1
    Use: Potion            |       |       |     2 |     2 |       ||     4
         Scroll            |       |       |     9 |     8 |    12 ||    29
   Stab: Petrified         |       |       |       |     9 |       ||     9
 Armour: Animal skin       |    22 |       |       |       |       ||    22
         Ring mail         |    10 |    53 |    70 |       |       ||   133
         Plate armour      |       |       |    67 |   319 |   592 ||   978
         Scale mail        |       |       |       |       |    13 ||    13
  Dodge: Dodged            |    34 |    54 |    93 |    66 |   145 ||   392
  Block: Other             |       |       |     5 |       |       ||     5
         Tower shield      |       |       |    45 |   545 |   860 ||  1450
         Buckler           |       |       |    32 |       |       ||    32
         Reflection        |       |       |     6 |     8 |       ||    14

Table legend: (Time is in decaauts)
 A = Elapsed time spent in this place.
 B = Non-inter-level travel time spent in this place.
 C = Inter-level travel time spent in this place.
 D = Time resting spent in this place.
 E = Time spent auto-exploring this place.
 F = Levels seen in this place.
 G = Mean time per level.
                   A        B        C        D        E       F      G
               +--------+--------+--------+--------+--------+-----+--------+
         Total |  21300 |  19756 |   1544 |   1326 |  14356 |  24 |  887.5 |
       Dungeon |   9634 |   8742 |    892 |    196 |   6914 |  11 |  875.8 |
        Temple |    145 |    145 |      0 |    127 |      0 |   1 |  145.0 |
          Lair |   7715 |   7269 |    446 |    566 |   5471 |   5 | 1543.0 |
         Swamp |   2493 |   2400 |     93 |    421 |   1162 |   4 |  623.2 |
  Orcish Mines |   1183 |   1072 |    111 |      0 |    808 |   2 |  591.5 |
      Ice Cave |    129 |    129 |      0 |     15 |      0 |   1 |  129.0 |
               +--------+--------+--------+--------+--------+-----+--------+

Top non-repeatable levels by time:
  Lair:1: 1888 daAuts
  Lair:4: 1769 daAuts
  Lair:5: 1505 daAuts
     D:9: 1455 daAuts
  Lair:2: 1333 daAuts
     D:6: 1295 daAuts
  Lair:3: 1218 daAuts
    D:10: 1210 daAuts
     D:7: 1102 daAuts
     D:8: 1007 daAuts
     D:5: 844 daAuts
     D:2: 822 daAuts
     D:1: 731 daAuts
   Orc:2: 711 daAuts
 Swamp:3: 709 daAuts
